 Dungeon Crawl Stone Soup version 0.28.0-43-g3370ac3207 (webtiles) character file.

Game seed: 5194594923808866472

2723 Mork the Cleaver (level 9, 0/74 (75) HPs)
             Began as a Minotaur Fighter on Mar 28, 2022.
             Was a Priest of Okawaru.
             Slain by a centaur zombie (1 damage)
             ... on level 7 of the Dungeon.
             The game lasted 00:14:23 (6494 turns).

Mork the Cleaver (Minotaur Fighter)                 Turns: 6494, Time: 00:14:24

HP:   0/74 (75)     AC: 16    Str: 22 (23) XL:     9   Next: 40%
MP:   8/8           EV:  7    Int:  5      God:    Okawaru [***...]
Gold: 267           SH:  4    Dex:  9 (12) Spells: 8/8 levels left

rFire   + . .      SeeInvis .   a - +0 war axe
rCold   . . .      Faith    .   c - +0 buckler
rNeg    . . .      Spirit   .   F - +0 plate armour {rF+}
rPois   .          Reflect  .   (helmet restricted)
rElec   .          Harm     .   p - +0 cloak
rCorr   .          Rampage  .   D - +0 pair of gloves
Will    .....                   (no boots)
Stlth   ..........              (no amulet)
HPRegen 0.22/turn               (no ring)
MPRegen 0.11/turn               (no ring)

@: lethally poisoned (0 -> -25), lightly drained
A: horns 2, retaliatory headbutt
a: Renounce Religion, Heroism


You were on level 7 of the Dungeon.
You worshipped Okawaru.
Okawaru was most pleased with you.
You visited 2 branches of the dungeon, and saw 8 of its levels.

You collected 267 gold pieces.

Inventory:

Hand Weapons
 a - a +0 war axe (weapon)
 l - a +2 whip of venom
 n - a +2 spear of venom
 G - a +2 scimitar of flaming
Missiles
 g - 13 poisoned darts (quivered)
 k - 150 stones
 v - 5 boomerangs
 y - 15 sling bullets
 B - 43 bolts
Armour
 c - a +0 buckler (worn)
 p - a +0 cloak (worn)
 D - a +0 pair of gloves (worn)
 F - a +0 plate armour of fire resistance (worn)
Wands
 u - a wand of paralysis (7)
 x - a wand of mindburst (1)
 H - a wand of polymorph (9)
Scrolls
 h - a scroll of torment {unknown}
 i - a scroll of teleportation {unknown}
 j - a scroll of vulnerability {unknown}
 m - a scroll of enchant armour {unknown}
 q - 3 scrolls of fear {unknown}
 t - 3 scrolls of identify {unknown}
 w - a scroll of immolation {unknown}
 A - 2 scrolls of holy word {unknown}
 C - a scroll of fog {unknown}
 I - a scroll of magic mapping {unknown}
Potions
 b - a potion of curing {unknown}
 d - 2 potions of might
 e - 2 potions of lignification
 f - a potion of attraction {unknown}
 r - a potion of magic {unknown}
 s - a potion of cancellation {unknown}
 z - 2 potions of flight {unknown}
 E - a potion of mutation {unknown}


   Skills:
 + Level 6.1 Fighting
 * Level 11.0 Axes
 + Level 1.0 Throwing
 + Level 7.3 Armour
 * Level 5.4 Dodging
 + Level 5.2 Shields
 + Level 0.4 Invocations


You had 8 spell levels left.
You didn't know any spells.
Your spell library contained the following spells:

 Spells                   Type           Power      Damage    Failure   Level
 Pain                     Necr           0%         1d4       100%        1
 Corpse Rot               Necr/Air       0%         N/A       100%        2
 Vampiric Draining        Necr           0%         2d6       100%        3
 Dispel Undead            Necr           0%         3d6       100%        4
 Passage of Golubria      Tloc           0%         N/A       100%        4
 Silence                  Hex/Air        0%         N/A       100%        5
 Lehudib's Crystal Spear  Conj/Erth      0%         10d2      100%        8
 Chain Lightning          Conj/Air       0%         N/A       100%        9
 Fire Storm               Conj/Fire      0%         5d1       100%        9
 Shatter                  Erth           0%         3d5*      100%        9
 Animate Skeleton         Necr           Unusable   N/A       N/A         1
 Death Channel            Necr           Unusable   N/A       N/A         6

Dungeon Overview and Level Annotations

Branches:
Dungeon (7/15)             Temple (1/1) D:4

Altars:
Ashenzari
Cheibriados
Dithmenos
Elyvilon
Fedhas
Gozag
Hepliaklqana
Kikubaaqudgha
Makhleb
Nemelex Xobeh
Okawaru
Qazlal
Sif Muna
Trog
Uskayaw
Vehumet
Wu Jian
Xom
Yredelemnul
Zin
The Shining One

Shops:
D:6 (


Innate Abilities, Weirdness & Mutations

You have a pair of horns on your head.
You reflexively headbutt those who attack you in melee.


Message History

The water moccasin closely misses you.
You miss the water moccasin. You headbutt the water moccasin!
The water moccasin is almost dead.
You feel sick. The water moccasin bites you.
* * * LOW HITPOINT WARNING * * *
You are lethally poisoned!
The water moccasin poisons you!
You fail to use your ability.
* * * LOW HITPOINT WARNING * * *
You feel very sick. The water moccasin bites you.
* * * LOW HITPOINT WARNING * * *
You feel much better.
You feel very sick. You block the water moccasin's attack.
The water moccasin bites you but does no damage.
You miss the water moccasin.
Your headbutt misses the water moccasin.
The water moccasin is almost dead.
You feel very sick. The water moccasin bites you.
* * * LOW HITPOINT WARNING * * *
You are lethally poisoned!
The water moccasin poisons you!
You closely miss the water moccasin.
The water moccasin is almost dead.
* * * LOW HITPOINT WARNING * * *
You feel very sick.
The water moccasin bites you but does no damage.
The water moccasin bites you.
* * * LOW HITPOINT WARNING * * *
You are more poisoned.
The water moccasin poisons you!
You slash the water moccasin!
You kill the water moccasin!
Okawaru accepts your kill.
* * * LOW HITPOINT WARNING * * *
You feel very sick. You block the centaur zombie's attack.
The centaur zombie kicks you.
You die...

.# #.##### #. .Z.....
.##### ..... .#...##
.≈≈≈ ###>#.###.# .≈#
...##. #.###########?≈#
.##.#.###.......@Z....≈#
.# #.....###########..≈#
.# ###.### #..≈≈≈≈≈
.#####.##### ##.≈≈≈≈≈≈
...........# .......
.#####.###.# #.##.## .#
#.# .# .# .# #.# .# # .#
#.#


You could see a centaur zombie.

Vanquished Creatures
  Pikel (D:6)
  Maggie (D:6)
  Prince Ribbit (D:5)
  2 water moccasins
  A hornet zombie (D:6)
  An orc warrior (D:7)
  An ogre (D:6)
  A necrophage (D:5)
  A centaur (D:7)
  A kobold brigand (D:6)
  A bullfrog (D:5)
  2 gnoll sergeants (D:6)
  2 scorpions
  4 wights (D:7)
  A howler monkey (D:4)
  A jelly (D:3)
  2 orc priests
  3 hounds
  Crazy Yiuf (D:6)
  A centaur skeleton (D:4)
  2 iguanas
  Jessica (D:3)
  Ijyb (D:3)
  Terence (D:2)
  2 orc wizards
  12 gnolls (D:6)
  5 adders
  A shadow imp (D:6)
  An ufetubus (D:5)
  16 orcs
  3 ball pythons (D:3)
  9 endoplasms
  3 giant cockroaches (D:1)
  10 goblins
  7 hobgoblins
  3 jackals (D:1)
  10 kobolds
  3 quokkas
  4 bats
  2 frilled lizards (D:2)
  9 rats
134 creatures vanquished.

Vanquished Creatures (others)
  4 toadstools (D:1)
4 creatures vanquished.

Grand Total: 138 creatures vanquished

Notes
Turn   | Place    | Note
-------+----------+-------------------------------------------
     0 | D:1      | Mork the Minotaur Fighter began the quest for the Orb.
     0 | D:1      | Reached XP level 1. HP: 19/19 MP: 0/0
   297 | D:1      | Reached XP level 2. HP: 26/27 MP: 1/1
   390 | D:1      | Found a faded altar of an unknown god.
   521 | D:1      | Reached skill level 3 in Axes
   635 | D:1      | Reached skill level 1 in Dodging
   640 | D:1      | Reached XP level 3. HP: 33/33 MP: 2/2
   879 | D:2      | Noticed Terence
   891 | D:2      | Killed Terence
  1047 | D:2      | Reached XP level 4. HP: 34/40 MP: 3/3
  1235 | D:2      | Reached skill level 4 in Axes
  1963 | D:3      | Noticed Jessica
  1968 | D:3      | Killed Jessica
  1969 | D:3      | Reached XP level 5. HP: 45/46 MP: 4/4
  2000 | D:3      | Noticed Ijyb
  2003 | D:3      | Paralysed by Ijyb for 5 turns
  2016 | D:3      | Killed Ijyb
  2017 | D:3      | Reached skill level 5 in Axes
  2629 | D:3      | Reached XP level 6. HP: 40/52 MP: 5/5
  2901 | D:4      | Found a staircase to the Ecumenical Temple.
  2910 | Temple   | Entered the Ecumenical Temple
  3498 | Temple   | Became a worshipper of Warmaster Okawaru
  3646 | D:4      | Reached skill level 6 in Axes
  3646 | D:4      | Reached skill level 5 in Armour
  3871 | D:5      | Entered Level 5 of the Dungeon
  3939 | D:5      | Reached XP level 7. HP: 57/60 MP: 6/6
  4051 | D:5      | Reached skill level 7 in Axes
  4190 | D:5      | Reached * piety under Okawaru
  4429 | D:6      | Noticed Prince Ribbit
  4459 | D:6      | HP: 2/60 [hornet zombie (3)]
  4767 | D:5      | Killed Prince Ribbit
  4768 | D:5      | Reached skill level 8 in Axes
  4768 | D:5      | Reached XP level 8. HP: 28/67 MP: 7/7
  4977 | D:6      | Found Zuluyhuts's Antique Weapon Shoppe.
  4995 | D:6      | Reached skill level 5 in Fighting
  5070 | D:6      | Noticed Pikel
  5071 | D:6      | Noticed Maggie
  5092 | D:6      | Killed Pikel
  5092 | D:6      | Reached ** piety under Okawaru
  5093 | D:6      | Reached skill level 9 in Axes
  5105 | D:6      | Killed Maggie
  5106 | D:6      | Reached skill level 10 in Axes
  5106 | D:6      | Reached skill level 5 in Shields
  5201 | D:6      | HP: 3/69 [poisoned by a water moccasin]
  5382 | D:6      | Reached skill level 5 in Dodging
  5382 | D:6      | Reached XP level 9. HP: 30/75 MP: 8/8
  5630 | D:6      | Reached skill level 1 in Throwing
  5631 | D:6      | Reached *** piety under Okawaru
  6020 | D:6      | Found a runed translucent door.
  6021 | D:6      | Noticed Crazy Yiuf
  6026 | D:6      | Killed Crazy Yiuf
  6477 | D:7      | Reached skill level 11 in Axes
  6494 | D:7      | HP: 1/74 [poisoned by a water moccasin]
  6494 | D:7      | Slain by a centaur zombie

Illustrated notes

Levels and vault maps discovered:
D:1:      ldierk_walled_garden_2, layout_loops_cross,
          dreamdust_ecumenical_altar_grove, hex_large, minmay_door_square
D:2:      layout_basic, uniq_terence
D:3:      layout_basic, minivault_26, kennysheep_big_empty_room, uniq_jessica,
          uniq_ijyb
D:4:      layout_rooms, minmay_temple_entry_large_hall,
          kennysheep_generic_room_5
D:5:      layout_rooms
D:6:      layout_rooms, serial_shops, nicolae_stop_n_shop_1, uniq_maggie,
          uniq_prince_ribbit1, uniq_pikel, uniq_crazy_yiuf_cottage
D:7:      layout_loops_ring, enter_bailey_4
Temple:   mainiacjoe_temple_starburst

Skill      XL: |  1  2  3  4  5  6  7  8  9 |
---------------+----------------------------+-----
Axes           | 3 4 5 6 8 10 11 | 11.0
Fighting       | 4 5 6 |  6.1
Dodging        | 1 2 3 5 |  5.4
Armour         | 4 5 6 7 |  7.3
Shields        | 4 5 |  5.2
Throwing       | 1 |  1.0
Invocations    | |  0.4

Action                   |  1- 3 |  4- 6 |  7- 9 || total
-------------------------+-------+-------+-------++-------
Melee: War axe           |    73 |    91 |   207 ||   371
       Headbutt          |    10 |    14 |    33 ||    57
Throw: Dart              |       |       |     7 ||     7
       Boomerang         |       |       |     2 ||     2
Invok: Heroism           |       |       |     7 ||     7
  Use: Potion            |       |       |     4 ||     4
Armor: Scale mail        |    44 |    28 |       ||    72
       Plate armour      |       |    15 |   110 ||   125
Dodge: Dodged            |    28 |    37 |    66 ||   131
Block: Buckler           |    20 |    19 |    54 ||    93
